[Event "4NCL Div 1 2024-25"]
[Site "England"]
[Date "2025.01.26"]
[Round "4.34"]
[White "Olson, Hamish"]
[Black "Jogstad, Martin"]
[Result "1-0"]
[Annotator "TA"]
[ECO "A11"]
[WhiteElo "2374"]
[BlackElo "2379"]
[PlyCount "87"]
[EventDate "2024.11.23"]
[EventType "team-tourn"]
[EventCountry "ENG"]
[SourceTitle "playchess.com"]
[Source "ChessBase"]
[SourceQuality "1"]
[TimeControl "40/6000+30:3000+30"]

1. Nf3 d5 2. g3 Nf6 3. Bg2 c6 4. O-O h6 5. d3 Bf5 6. c4 e6 7. Qb3 Qb6 {[%emt 0:00:27] A11: English Opening: 1...c6.} 8. Be3 Qxb3 9. axb3 a6 $1 {[%emt 0:00:44] The position is equal.} 10. Bd4 $1 {[%emt 0:00:10][%mdl 4] is more profitable than 10.Nc3 at the moment.} Nbd7 11. Bc3 Bd6 12. b4 O-O 13. Nd4 $146 (13. Nbd2 e5 14. Nb3 Rfe8 15. Rfc1 Rab8 16. Na5 Bg6 17. Nh4 Bh7 18. Bh3 g5 19. Nf5 {0-1 Kobo,O (2554)-Santos Flores,A (2164) Titled Tuesday intern op 15th Nov Late blitz 2022 (9)}) 13... Bg6 14. Nb3 e5 15. Na5 Rab8 16. e4 dxe4 17. dxe4 Bxe4 18. Rd1 Bxg2 19. Rxd6 Bh3 20. Nd2 {[%emt 0:01:05] Prevents Ne4} Bf5 21. f3 Rfc8 22. g4 ({White should play} 22. c5 $11) 22... Be6 $15 23. h4 Ne8 24. Rxd7 Bxd7 25. Bxe5 Nc7 26. c5 {[%emt 0:02:53] [#]} b6 (26... b5 $1 $17 27. Ne4 Ra8) 27. Nac4 $11 bxc5 28. bxc5 f6 29. Bg3 {[%emt 0:00:58] [#]} Ne6 $1 30. Bxb8 (30. Rxa6 $2 {perishes.} Ra8 (30... Nxc5 $2 31. Ra1 $19) 31. Rxa8 Rxa8 $19) 30... Rxb8 31. Ne4 Rb3 32. Rd1 Be8 33. Rd6 Kf7 34. Kf2 Ke7 35. Rd2 Rb5 36. Ncd6 Rb3 37. Nf5+ {[%emt 0:09:03] Excellent horsemanship.} Kf8 38. h5 (38. Rd6 $5 Rxb2+ 39. Kg3 $15) 38... Nf4 $2 {[%emt 0:00:39][%mdl 8192] [#] This costs Black the game.} (38... a5 $11) 39. Rd8 $1 $18 {[%emt 0:01:39] and Ned6 would now be decisive. White is clearly winning.} Rxb2+ 40. Ke1 Rb1+ 41. Kd2 Rb2+ 42. Kc3 Ra2 43. Nfd6 Ne2+ 44. Kc4 {[%emt 0:00:00] Weighted Error Value: White=0.08 (flawless) /Black=0.39  Loses game:     	---       	Black=1      Mistake:       	White=1     	Black=1      Inaccurate:     	White=4     	Black=5      OK:         	White=19    	Black=10     Best:        	White=3     	Black=3      Strong:       	White=1     	Black=1} 1-0

[Event "4NCL Div 1 2024-25"]
[Site "England"]
[Date "2025.01.26"]
[Round "4.35"]
[White "Bottazzi, Ulysse"]
[Black "Gourlay, Iain"]
[Result "1/2-1/2"]
[Annotator "TA"]
[ECO "B11"]
[WhiteElo "2344"]
[BlackElo "2303"]
[PlyCount "65"]
[EventDate "2024.11.23"]
[EventType "team-tourn"]
[EventCountry "ENG"]
[SourceTitle "playchess.com"]
[Source "ChessBase"]
[SourceQuality "1"]
[TimeControl "40/6000+30:3000+30"]

1. e4 c6 2. Nf3 d5 3. Nc3 dxe4 4. Nxe4 Nf6 5. Qe2 Nxe4 6. Qxe4 Be6 {[%emt 0:00:39] B11: Caro-Kann: Two Knights Variation.} 7. Qf4 Qd6 8. d4 Nd7 $146 (8... Qxf4 9. Bxf4 Nd7 10. Be2 g6 11. O-O Bg7 12. c3 Bg4 13. h3 Bxf3 14. Bxf3 e6 {1-0 Bansal,A (2253)-Mede,I (2173) Sunnyvale 1000 IM Winter 12 2023 (5)}) 9. Bd3 (9. h3 Qxf4 10. Bxf4 h6 11. Bg3) 9... Bd5 10. Ne5 g6 11. O-O Bg7 12. Re1 Nxe5 13. dxe5 {[%emt 0:00:45] A sharp opening} Qc7 14. a4 O-O 15. Qg3 c5 16. Bd2 c4 17. Bf1 Rfd8 {[%emt 0:01:28][%cal Od5g2] ...Bxg2! poses a challenge} 18. Bc3 Be6 19. a5 Qc6 20. Qe3 Bf5 (20... b5 $11) 21. g3 $14 Be6 22. Bg2 Bd5 23. Bxd5 Rxd5 24. Rad1 a6 25. Rxd5 Qxd5 26. e6 {[%emt 0:00:30] Strongly threatening exf7+.} (26. Qe4 {simplifies} Rd8 27. Qxd5 Rxd5 28. Kg2) 26... f5 {[%emt 0:02:12] The position is equal.} 27. Bxg7 Kxg7 $11 {[%emt 0:00:06][%mdl 4096] Endgame KQR-KQR} 28. Qa3 Kf8 29. Qc3 Kg8 30. Qb4 Kf8 31. Qc3 Kg8 {[%emt 0:00:06] Wards off Qh8+} 32. Qb4 Kf8 33. Qc3 {[%emt 0:00:34] Weighted Error Value: White=0.06 (flawless) /Black=0.05 (flawless)   Mistake:       	---       	Black=1      Inaccurate:     	White=1     	---        OK:         	White=13    	Black=16} 1/2-1/2

[Event "4NCL Div 1 2024-25"]
[Site "England"]
[Date "2025.01.26"]
[Round "4.36"]
[White "Vijayakumar, Rishi"]
[Black "Pein, Malcolm"]
[Result "1/2-1/2"]
[Annotator "TA"]
[ECO "D45"]
[WhiteElo "2172"]
[BlackElo "2284"]
[PlyCount "80"]
[EventDate "2024.11.23"]
[EventType "team-tourn"]
[EventCountry "ENG"]
[SourceTitle "playchess.com"]
[Source "ChessBase"]
[SourceQuality "1"]
[TimeControl "40/6000+30:3000+30"]

1. d4 d5 2. c4 e6 3. Nc3 Nf6 4. Nf3 c6 5. e3 Nbd7 6. Qc2 Bd6 7. g4 h6 8. Bd2 {[%emt 0:00:22] 8.g5 is a critical line.} Qe7 9. Rg1 {[%emt 0:01:43] D45: Semi-Slav: 5 e3.} e5 10. cxd5 Nxd5 11. Ne4 {[%emt 0:04:55] White is slightly better.} exd4 12. Nxd6+ Qxd6 13. Nxd4 $146 {[%emt 0:08:03] White sacrificed a pawn} (13. Qe4+ Ne7 14. Qxd4 Qxd4 15. Nxd4 Nf6 16. f3 g6 17. e4 Nd7 18. Bc3 O-O 19. Nf5 Nxf5 20. gxf5 {1-0 Ostrowski,L (2340)-Goldenberg,I AUS-ch op Melbourne 1993 (10)}) 13... Qxh2 $2 (13... O-O $16) 14. Rg2 $2 (14. Rg3 $1 $18) 14... Qe5 $11 15. f3 (15. Be2 $11) 15... O-O $36 {[%emt 0:00:00][%mdl 2048] Black has some pressure.} (15... Nxe3 $2 16. Bxe3 Nf6 (16... Qxe3+ $2 17. Re2 $18) 17. Nxc6 $18) 16. Nf5 N7f6 {[%emt 0:00:00] A dynamic duo of knights.} 17. O-O-O a5 (17... Bxf5 18. Qxf5 Qd6 19. g5 $11) (17... h5 $5) 18. a3 (18. Nxg7 $11 Kxg7 19. g5) 18... Be6 $2 {[%emt 0:00:00] [#]} (18... Bxf5 $6 19. Qxf5 Qd6 20. g5 Qc5+ 21. Qc2 (21. Kb1 $2 Nc3+ 22. Bxc3 Qxf5+ $19) 21... Qxc2+ 22. Kxc2 hxg5 23. Rxg5 $14 (23. e4 Nf4 $11)) (18... h5 $1 $15 {keeps the upper hand.}) 19. e4 (19. Nxg7 $1 $16 Kxg7 20. g5) 19... Nb4 $1 $11 20. axb4 (20. f4 $1 $11 Na2+ (20... Qxe4 21. axb4 axb4 22. Qxe4 $11) (20... Nxc2 $2 21. fxe5 Nxe4 22. Kxc2 $18) 21. Kb1 Qxe4 22. Re1 Qxc2+ 23. Kxc2) 20... axb4 $15 21. Be3 $2 (21. Bxb4 $17 Ra1+ 22. Kd2 Rd8+ 23. Bd3 Rxd1+ 24. Kxd1 Bxf5 25. Rd2 (25. exf5 $2 Qe3 $19) (25. gxf5 Qb5 $17)) 21... Ra1+ $19 22. Kd2 Rd8+ 23. Nd4 (23. Bd3 $2 b3 24. Rxa1 (24. Ne7+ $2 Kh7 $19) 24... bxc2 25. Kxc2 Rxd3 26. Kxd3 Qb5+ 27. Kc2 Qb3+ 28. Kc1 Bxf5 $19) 23... Rxd1+ 24. Kxd1 {[%emt 0:00:00] And now Rd2 would win.} c5 $1 (24... Rxd4+ 25. Bxd4 Qxd4+ 26. Qd2 $11) 25. Rd2 (25. Qd2) 25... cxd4 26. Qd3 Ra8 27. Bxd4 Ra1+ 28. Ke2 Qh2+ 29. Bf2 {[%emt 0:00:43] [#]} Nxg4 30. fxg4 $17 Bxg4+ ({Better is} 30... h5 $17 {Hoping for ...Qh1.} 31. Bh3 Rh1 (31... Bxg4+ 32. Bxg4 hxg4 33. Qd8+ Kh7 34. Qg5 $16) (31... hxg4 32. Qd8+ Kh7 33. Qh4+ Kg6 34. Rd5 $11) 32. Qd8+ Kh7) 31. Ke3 $11 Qh1 32. Be2 {[%emt 0:00:29] Really sharp!} Bxe2 33. Qxe2 Ra8 34. Qg4 Qc1 (34... Re8 {is interesting.} 35. Qf5 Qc1 36. Ke2 b5) 35. Qd7 {[%emt 0:00:37] Prevents Rd8.} Qc5+ (35... Rc8 $5) 36. Ke2 Qh5+ 37. Ke3 Qg5+ (37... Qc5+ $1 $11 38. Kd3 Qc1) 38. Ke2 Qh5+ 39. Ke3 Qg5+ 40. Ke2 (40. Kf3 $16) 40... Qh5+ {[%emt 0:00:28] Never resign too early!   Weighted Error Value: White=0.65/Black=0.48  Loses game:     	White=1     	Black=1      Missed win:     	White=1     	---        Mistake:       	White=6     	Black=3      Inaccurate:     	White=5     	Black=3      OK:         	White=7     	Black=7      Best:        	White=4     	Black=6      Strong:       	---       	Black=2} 1/2-1/2

[Event "4NCL Div 1 2024-25"]
[Site "England"]
[Date "2025.01.26"]
[Round "4.37"]
[White "Maycock Bates, David Henry"]
[Black "Shafi, Declan"]
[Result "1-0"]
[Annotator "TA"]
[ECO "C90"]
[WhiteElo "2290"]
[BlackElo "2181"]
[PlyCount "45"]
[EventDate "2024.11.23"]
[EventType "team-tourn"]
[EventCountry "ENG"]
[SourceTitle "playchess.com"]
[Source "ChessBase"]
[SourceQuality "1"]
[TimeControl "40/6000+30:3000+30"]

1. e4 e5 2. Nf3 Nc6 3. Bb5 a6 4. Ba4 Nf6 5. O-O Be7 6. Re1 b5 7. Bb3 d6 8. c3 Na5 9. Bc2 c5 10. h3 Qc7 11. d4 Bd7 {[%emt 0:00:07] C90: Closed Ruy Lopez with 7...d6: Early deviations.} 12. b3 cxd4 13. cxd4 Rc8 {[%emt 0:00:24] The position is equal.} 14. Re2 $146 (14. Bd3 Nc6 15. Bb2 O-O 16. Nbd2 exd4 17. Nxd4 Nxd4 18. Bxd4 Rfd8 19. Nf1 Bc6 20. Ng3 g6 21. Qf3 Nd7 22. Nf5 Bf6 23. Bxf6 Nxf6 24. Nd4 Qe7 25. Nxc6 Rxc6 26. e5 dxe5 27. Qxc6 Rxd3 28. Qxa6 Nh5 29. Qxb5 {1-0 Pirisi,G (2290)-Frydendal,O EU-chT Railways USIC 10th 1980 (2.5)}) 14... O-O 15. Bb2 Nc6 16. Nc3 exd4 17. Nxd4 b4 (17... Rfe8 $14) 18. Nd5 $16 Nxd5 {[%emt 0:00:45] A mistake that costs the game.} (18... Qd8 $16 {was necessary.}) 19. exd5 $18 Nxd4 (19... Ne5 20. f4 f5) 20. Qxd4 {[%emt 0:01:11][%csl Gb2][%cal Rd4g7] White is clearly winning.} (20. Rxe7 $2 {loses.} Nxc2 21. Rc1 f6 22. Rxd7 Qxd7 $19) ({Not} 20. Bxd4 Bb5 $14) 20... Bf6 {[%emt 0:09:17] [#]} 21. Qd3 g6 (21... Qxc2 22. Rxc2) 22. Bxf6 Bb5 {[%emt 0:00:54] [#]} 23. Qe3 $1 {[%emt 0:02:52] Weighted Error Value: White=0.05 (flawless) /Black=1.40  Loses game:     	---       	Black=1      Mistake:       	---       	Black=2      Inaccurate:     	---       	Black=2      OK:         	White=2     	Black=3      Best:        	White=1     	---} 1-0

[Event "4NCL Div 1 2024-25"]
[Site "England"]
[Date "2025.01.26"]
[Round "4.38"]
[White "McKay, Roderick M"]
[Black "Bezuidenhout, Roland"]
[Result "0-1"]
[Annotator "TA"]
[ECO "D37"]
[WhiteElo "2177"]
[BlackElo "2285"]
[PlyCount "62"]
[EventDate "2024.11.23"]
[EventType "team-tourn"]
[EventCountry "ENG"]
[SourceTitle "playchess.com"]
[Source "ChessBase"]
[SourceQuality "1"]
[TimeControl "40/6000+30:3000+30"]

1. d4 Nf6 2. Nf3 d5 3. c4 e6 4. Nc3 a6 5. cxd5 exd5 6. Bg5 {[%emt 0:00:12] D37: Queen's Gambit Declined: 5 Bf4.} c6 7. Qc2 Be6 8. e3 {[%emt 0:00:36] White has an edge.} Nbd7 9. Bd3 Bd6 10. O-O Qc7 11. h3 h6 12. Bxf6 Nxf6 13. Rab1 Qd7 $146 (13... g5 14. Bf5 Qd7 15. Bxe6 Qxe6 16. Nh2 Bxh2+ 17. Kxh2 g4 18. e4 dxe4 19. Rfe1 O-O-O 20. Nxe4 gxh3 {0-1 Volkov,M (2246)-Ibarra Jerez,J (2570) Titled Tuesday intern op 09th Aug Early blitz 2022 (6)}) 14. Ne5 Qc7 15. f4 c5 16. Rbc1 O-O 17. Qd2 cxd4 18. exd4 (18. Nxd5 {seems wilder.} Nxd5 19. Rxc7 dxe3 20. Bh7+) 18... Qb6 19. Bb1 Rad8 20. Na4 {[%emt 0:06:14] A dynamic duo of knights.} Qb5 21. Nc5 Ne4 22. Qe3 Qxb2 23. Bxe4 dxe4 24. Rb1 {[%emt 0:00:38] [#]} (24. Nxe6 $11 {remains equal.} fxe6 25. Qxe4) 24... Bxc5 $1 $17 25. dxc5 (25. Rxb2 Bxd4) 25... Qxa2 26. Qg3 (26. Rxb7 $17 Rd2 27. Rf2 Rd1+ 28. Kh2) 26... Rd2 $19 27. f5 {[%emt 0:03:32] [#]} Bxf5 28. Rxb7 Qd5 29. c6 (29. Rc7 {keeps fighting.} Be6 30. Kh2) 29... e3 {[%emt 0:04:28] and ...e2 would now be decisive} 30. Rxf5 $2 (30. Re1 Be4 (30... Re8 31. Nxf7 Qxc6 32. Nd6 $11) 31. Nf3) 30... e2 31. Nxf7 e1=Q+ {[%emt 0:00:14] Weighted Error Value: White=0.80/Black=0.06 (flawless)   Mistake:       	White=4     	---        Inaccurate:     	White=5     	Black=3      OK:         	White=8     	Black=11     Best:        	White=1     	Black=1      Strong:       	---       	Black=1} ({Inferior is} 31... Qxf5 32. Nxh6+ Kh8 33. Qxg7#) 0-1

[Event "4NCL Div 1 2024-25"]
[Site "England"]
[Date "2025.01.26"]
[Round "4.39"]
[White "Jarocka, Liwia"]
[Black "Berry, Neil"]
[Result "1/2-1/2"]
[Annotator "TA"]
[ECO "E40"]
[WhiteElo "2267"]
[BlackElo "2248"]
[PlyCount "86"]
[EventDate "2024.11.23"]
[EventType "team-tourn"]
[EventCountry "ENG"]
[SourceTitle "playchess.com"]
[Source "ChessBase"]
[SourceQuality "1"]
[TimeControl "40/6000+30:3000+30"]

1. d4 Nf6 2. c4 e6 3. Nc3 Bb4 4. e3 O-O 5. a3 Bxc3+ 6. bxc3 Nc6 7. Bd3 e5 8. Ne2 e4 9. Bb1 (9. Bc2 $11) 9... b6 10. Ng3 {[%emt 0:02:15] Black is slightly better.} Ba6 11. Nxe4 Nxe4 (11... Bxc4 $15 12. Nd2 Ba6) 12. Bxe4 $11 Bxc4 13. Bd3 Bxd3 14. Qxd3 d5 15. c4 dxc4 16. Qxc4 Na5 17. Qa4 c5 18. O-O cxd4 19. exd4 Rc8 20. Be3 Qd5 21. Rac1 h6 22. Qd1 Rc4 (22... Rxc1 {simplifies} 23. Qxc1 Nc4 24. Re1 Rc8) 23. Qg4 f5 24. Qg6 f4 25. Bd2 Rc6 (25... Qf5 $17 26. Qxf5 Rxf5) 26. Qg4 Rxc1 27. Rxc1 {[%emt 0:00:59] The position is equal.} Nc6 28. Bxf4 h5 29. Qg5 (29. Qg6 {is more complex.} Nxd4 30. Bh6 Qd7 31. Kf1) 29... Qxg5 (29... Rf5 $5 30. Qg6 $8 Rxf4 31. Rxc6 Qxd4 32. Qe8+ (32. Qxh5 $2 {gets mated.} Qxf2+ 33. Kh1 Qf1#) 32... Rf8 $11) 30. Bxg5 Nxd4 {[%emt 0:00:08][%mdl 4096] Endgame. KRB-KRN} 31. Kf1 {[%emt 0:00:31] Wards off Ne2} Rf5 32. Rc8+ Kh7 33. Be3 Rd5 34. a4 Nf5 35. Ke2 Nxe3 36. fxe3 {[%emt 0:00:44] KR-KR} Ra5 37. Rc4 Kg6 38. h4 Kf5 39. Kf3 Ke5 40. g4 hxg4+ 41. Rxg4 Kf6 {[%emt 0:50:36] Repels Rg5} 42. Rc4 Ke5 43. Rg4 Kf6 {[%emt 0:00:00] Prevents Rg5.   Weighted Error Value: White=0.11 (very precise) /Black=0.09 (flawless) .  Mistake:       	White=1     	Black=2      Inaccurate:     	White=2     	Black=2      OK:         	White=15    	Black=19     Best:        	---       	Black=1} 1/2-1/2

[Event "4NCL Div 1 2024-25"]
[Site "England"]
[Date "2025.01.26"]
[Round "4.40"]
[White "Patel, Zain"]
[Black "Banerjee, Supratit"]
[Result "0-1"]
[Annotator "TA"]
[ECO "A49"]
[WhiteElo "2083"]
[BlackElo "2141"]
[PlyCount "98"]
[EventDate "2024.11.23"]
[EventType "team-tourn"]
[EventCountry "ENG"]
[SourceTitle "playchess.com"]
[Source "ChessBase"]
[SourceQuality "1"]
[TimeControl "40/6000+30:3000+30"]

1. Nf3 Nf6 2. b3 g6 3. Bb2 Bg7 4. g3 O-O 5. Bg2 d6 6. d4 c6 7. O-O Bf5 8. Nh4 {[%emt 0:00:30] A49: 1 d4 Nf6 2 Nf3 g6 3 g3: Anti-King's Indian systems.} Be6 9. e4 Qc8 10. Re1 {[%emt 0:00:30] White is better.} Ne8 $146 (10... Bh3 11. Bh1 Re8 12. Nd2 Nbd7 13. Rb1 Nf8 14. Qe2 h6 15. e5 dxe5 16. dxe5 Nd5 {0-1 Lys,J (2204)-Walek,M (2329) CZE-chT 1415 2014 (9.4)}) 11. Qc1 d5 12. exd5 ({White should try} 12. Nd2 $16) 12... cxd5 $11 13. Nf3 Nc6 14. Nc3 h6 (14... Nc7 $11 {deserves consideration.}) 15. Ne2 {[%emt 0:00:30] next Nf4 is good for White.} Nf6 16. Nf4 Bf5 17. Ne5 Nb4 18. Qd2 a5 19. Ba3 (19. Rec1 {simplifies} g5 20. Nfd3 Nxd3 21. cxd3 Qd8 22. Rc5) 19... Ne4 20. Bxe4 Bxe4 21. Bxb4 (21. c4 $16) 21... axb4 22. Re3 g5 (22... Bxc2 $2 23. Rc1 (23. Nxd5 Qd8 $11) 23... Rxa2 24. Re2 $18) 23. Nfd3 f6 24. Nf3 {[%emt 0:00:30] [#] White does not recover from this.} (24. f3 $1 $11) 24... f5 $1 $36 {[%emt 0:00:30][%mdl 2048] Keeping White busy.} 25. Nxb4 (25. Qe2 $142) 25... f4 26. Rc3 Qf5 27. Ne5 (27. Ne1) 27... Bxe5 28. dxe5 Qh3 (28... Qxe5 29. Re1 $17) 29. f3 fxg3 30. Qg2 (30. fxe4 $2 Rf2 $19) 30... gxh2+ 31. Qxh2 Qxh2+ 32. Kxh2 Rxf3 33. Rxf3 Bxf3 {[%emt 0:00:30][%mdl 4096] Endgame KRB-KRN. Black is a pawn up.} 34. Nd3 (34. Rf1 {only move.} Be4 35. Kg1) 34... Rc8 35. Rc1 Be4 36. Nb4 Rc3 37. e6 g4 38. Kg1 Rg3+ 39. Kf2 Rf3+ 40. Ke2 h5 41. Rd1 Rf5 42. Ke3 h4 43. c4 Bf3 44. Rd4 dxc4 45. bxc4 h3 {[%emt 0:00:30] aiming for ...h2.} 46. Nd5 {[%emt 0:00:30] [#]} Rxd5 $1 {[%emt 0:00:30] Black mates.} 47. cxd5 h2 48. d6 exd6 (48... h1=R $2 49. d7 Re1+ 50. Kf4 Rxe6 51. d8=Q+ $18) 49. e7 Kf7 {[%emt 0:00:30] Weighted Error Value: White=0.94/Black=0.22 (precise)   Loses game:     	White=1     	---        Mistake:       	White=5     	Black=1      Inaccurate:     	White=5     	Black=3      OK:         	White=9     	Black=11     Best:        	White=2     	Black=3      Strong:       	---       	Black=1} (49... h1=R 50. e8=Q+ Kg7 51. Qd7+ (51. Rxd6 $2 {perishes.} Re1+ 52. Kf4 Rxe8 $19) 51... Kg8 52. Rxd6 (52. Rxg4+ Bxg4 53. Qxg4+ Kf7 $18) 52... Re1+ 53. Kf4 Re4+ 54. Kf5) 0-1

[Event "4NCL Div 1 2024-25"]
[Site "England"]
[Date "2025.01.26"]
[Round "4.41"]
[White "Parker, Jonathan F"]
[Black "Kovchan, Alexander"]
[Result "1/2-1/2"]
[Annotator "TA"]
[ECO "D94"]
[WhiteElo "2523"]
[BlackElo "2453"]
[PlyCount "35"]
[EventDate "2024.11.23"]
[EventType "team-tourn"]
[EventCountry "ENG"]
[SourceTitle "playchess.com"]
[Source "ChessBase"]
[SourceQuality "1"]
[TimeControl "40/6000+30:3000+30"]

1. d4 Nf6 2. c4 g6 3. Nc3 d5 4. Nf3 Bg7 5. e3 O-O 6. cxd5 Nxd5 7. Bc4 Nb6 8. Bb3 c5 9. O-O cxd4 10. exd4 Nc6 11. d5 Na5 12. Re1 {[%emt 0:00:51] 12.h3 is the modern continuation.} Nxb3 {[%emt 0:02:28] D94: Grünfeld: 4 Nf3 Bg7 5 e3.} 13. Qxb3 Re8 14. Bg5 h6 $146 (14... Bg4 15. Rad1 Bxf3 16. gxf3 Qd7 17. Qb4 h6 18. Be3 Rac8 19. Bxb6 axb6 20. Re3 Bxc3 21. bxc3 Rc5 22. Qe4 Qd6 23. Rd4 h5 24. f4 Qd7 25. Rg3 h4 26. Rxg6+ {½-½ Marusenko,P (2327)-Demkovich,A (2422) Kiev Independence Cup-A 3rd 2003 (10)}) 15. Bh4 {[%emt 0:00:09] The position is equal.} g5 16. Bg3 Bxc3 $1 17. Qxc3 Qxd5 18. Rad1 {[%emt 0:26:24] An uneventful encounter.   Weighted Error Value: White=0.13 (very precise) /Black=0.10 (very precise)   Inaccurate:     	White=1     	---        OK:         	White=2     	---        Strong:       	---       	Black=1} 1/2-1/2

[Event "4NCL Div 1 2024-25"]
[Site "England"]
[Date "2025.01.26"]
[Round "4.42"]
[White "Badacsonyi, Stanley"]
[Black "Merry, Alan B"]
[Result "1-0"]
[Annotator "TA"]
[ECO "E52"]
[WhiteElo "2298"]
[BlackElo "2417"]
[PlyCount "93"]
[EventDate "2024.11.23"]
[EventType "team-tourn"]
[EventCountry "ENG"]
[SourceTitle "playchess.com"]
[Source "ChessBase"]
[SourceQuality "1"]
[TimeControl "40/6000+30:3000+30"]

1. d4 Nf6 2. c4 e6 3. Nc3 Bb4 4. e3 O-O 5. Bd2 d5 6. Nf3 b6 7. cxd5 exd5 8. Bd3 Bb7 9. O-O Bd6 10. Rc1 a6 11. Ne5 {[%emt 0:00:12] E52: Nimzo-Indian: Rubinstein: 4...0-0 5 Nf3 d5 6 Bd3 b6.} c5 12. f4 Nc6 13. Ne2 {[%emt 0:10:20] White has an edge.} c4 14. Bb1 b5 15. Ng3 Ne7 16. Qf3 {[%emt 0:01:19] Prevents Ne4} (16. Nh5 Ne8 17. Qf3 g6 18. Qg4) 16... a5 $146 (16... Rc8 17. Nf5 Ne4 18. Nxd6 Qxd6 19. Bxe4 dxe4 20. Qh3 f6 21. Ng4 b4 22. Nf2 a5 {0-1 Ponkratov,P (2628)-Zhigalko,S (2572) Speed Chess Super Swiss blitz 2020 (8)}) 17. Be1 Ra6 (17... Qc8 {looks sharper.} 18. Nh5 Ne8 19. Bh4 f6) 18. a4 bxa4 $15 19. Nxc4 Rc6 20. Ne2 $2 dxc4 $19 (20... Rxc4 21. Rxc4 dxc4 22. Qxb7 $17) 21. e4 Rc8 22. g4 h6 23. Ng3 Qb6 24. Bf2 Qxb2 25. Be3 Ng6 26. Nf5 {[%emt 0:00:10] Prevents Nh4} Bb8 27. Rf2 Qa3 28. g5 hxg5 29. fxg5 Nh7 30. h4 Rce8 31. Rcf1 Ne7 $2 (31... Ba7 $19 {...Bc8 is the strong threat.} 32. h5 Bc8 (32... Nxg5 33. Bxg5 Qxf3 34. Rxf3 $11) 33. hxg6 fxg6) 32. Nxg7 $1 $15 Kxg7 (32... Rd8 $1 $15 33. Nh5 Ba7 34. Nf6+ Nxf6 35. gxf6 Ng6 (35... Bxd4 $2 {is the wrong capture.} 36. fxe7 Qxe3 37. exd8=Q $18)) 33. g6 $1 $11 {[%emt 0:00:00] Dancing on a razor blade.} Qd6 $2 34. gxh7 $2 (34. gxf7 $18 Kh8 35. Rg2 (35. fxe8=R Rxe8 36. Rg2 Rg8 $11)) 34... Kh8 $1 $17 {[%emt 0:01:44][%cal Of7f5] [#]} 35. e5 Qg6+ (35... Bxf3 36. exd6 Bxd6 37. Rxf3 $17) 36. Bxg6 Bxf3 37. Bb1 {[%emt 0:00:00] [#]} Bh5 38. Bg5 (38. Bh6 $142 Ba7 39. Kh1) 38... Ng6 $4 (38... Nd5 $19 39. Rc1 f6 40. exf6 c3) 39. Rxf7 {[%emt 0:00:00] White mates.} Rxf7 40. Rxf7 Re6 41. Bf5 Rb6 42. e6 Bh2+ 43. Kxh2 Rb2+ 44. Kg1 Rg2+ 45. Kxg2 Nxh4+ 46. Bxh4 Bxf7 47. Bf6# {[%emt 0:00:00] Weighted Error Value: White=0.45/Black=0.56  Loses game:     	White=1     	Black=1      Missed win:     	White=1     	Black=2      Mistake:       	White=2     	Black=1      Inaccurate:     	White=3     	---        OK:         	White=4     	Black=13     Best:        	White=3     	Black=3      Strong:       	White=2     	Black=1} 1-0